 Dungeon Crawl Stone Soup version 0.28-a0-834-g1a73be5ee4 (webtiles) character file.

Game seed: 4960024811543519703

1484 Multipenetrator the Fighter (level 8, -6/69 HPs)
             Began as a Demonspawn Monk on Nov 11, 2021.
             Was a Priest of Cheibriados.
             Mangled by an orc warrior (11 damage)
             ... on level 5 of the Dungeon.
             The game lasted 00:11:46 (7502 turns).

Multipenetrator the Fighter (Demonspawn Monk)       Turns: 7502, Time: 00:11:47

Health: -6/69      AC:  9    Str: 21    XL:     8   Next: 50%
Magic:  8/8        EV: 12    Int: 21    God:    Cheibriados [***...]
Gold:   302        SH:  0    Dex: 22    Spells: 7/7 levels left

rFire   . . .      SeeInvis .   a - +3 scimitar
rCold   + . .      Faith    .   (no shield)
rNeg    . . .      Spirit   .   B - +0 ring mail {rC+}
rPois   .          Reflect  .   (helmet unavailable)
rElec   .          Harm     .   (no cloak)
rCorr   .          Rampage  .   (no gloves)
Will    +....                   (no boots)
Stlth   ++........              h - amulet of magic regeneration
HPRegen 0.21/turn               k - +4 ring of protection
MPRegen 0.36/turn               (no ring)

@: hasted, slow
A: horns 3, powered by death 1, clever 1, high mp 1, strong-willed 1
a: Renounce Religion, Bend Time, Temporal Distortion


You were on level 5 of the Dungeon.
You worshipped Cheibriados.
Cheibriados was most pleased with you.
You visited 2 branches of the dungeon, and saw 6 of its levels.

You collected 302 gold pieces.

Inventory:

Hand Weapons
 a - a +3 scimitar (weapon)
 b - a +2 vampiric dagger
Missiles
 x - 12 boomerangs (quivered)
 y - a throwing net
Armour
 g - a scarf of harm
 q - a +0 plate armour
 v - the +0 buckler of Perfidy {rF++ Str+3}
   (You found it on level 4 of the Dungeon)

   Str:       It affects your strength (+3).
   rF:        It greatly protects you from fire.
 B - a +0 ring mail of cold resistance (worn)
Jewellery
 h - an amulet of magic regeneration (around neck)
 k - a +4 ring of protection (left hand)
Wands
 s - a wand of digging (4)
 A - a wand of flame (22)
Scrolls
 f - 2 scrolls of amnesia {unknown}
 j - 2 scrolls of silence {unknown}
 m - 4 scrolls of identify {unknown}
 n - 4 scrolls of teleportation {unknown}
 p - 2 scrolls of noise {unknown}
 t - 2 scrolls of enchant armour {unknown}
 w - a scroll of summoning {unknown}
 z - a scroll of blinking {unknown}
Potions
 c - a potion of brilliance {unknown}
 e - a potion of heal wounds {unknown}
 i - a potion of haste
 l - a potion of ambrosia
 o - a potion of curing {unknown}
 r - a potion of cancellation {unknown}
 u - a potion of mutation


   Skills:
 * Level 8.7 Fighting
 + Level 5.1 Long Blades
 + Level 4.2 Armour
 - Level 2.6 Dodging
 - Level 1.7 Stealth


You had 7 spell levels left.
You didn't know any spells.
Your spell library contained the following spells:

 Spells                   Type           Power      Damage    Failure   Level
 Freeze                   Ice            0%         1d3       28%         1
 Frozen Ramparts          Ice            0%         1d2       65%         3
 Hailstorm                Conj/Ice       0%         3d3       96%         4


Dungeon Overview and Level Annotations

Branches:
Dungeon (5/15)             Temple (1/1) D:4

Altars:
Ashenzari
Cheibriados
Dithmenos
Fedhas
Gozag
Hepliaklqana
Kikubaaqudgha
Nemelex Xobeh
Qazlal
Ru
Sif Muna
Uskayaw
Vehumet
Xom
Yredelemnul
Zin
The Shining One

Shops:
D:3 (   D:4 *


Innate Abilities, Weirdness & Mutations

You have a pair of large horns on your head.
You regenerate a little health from kills.
Your mind is acute. (Int +2)
You have an increased reservoir of magic. (+10% MP)
You are strong-willed. (Will+)


Message History

a +0 club; a +0 leather armour; a +0 flail The orc closely misses you.
The orc warrior hits you with a +0 battleaxe!
* * * LOW HITPOINT WARNING * * *
There is an open translucent door here.
Okay, then.
Okay, then.
It was a potion of ambrosia.
You are confused.
You feel invigorated.
Unknown command.
It was a potion of mutation.
You feel extremely strange.
You feel more energetic. The horns on your head grow some more.
You feel strong-willed.
You feel clever. The orc warrior barely misses you.
It was a potion of haste.
You feel yourself speed up.
Cheibriados forgives your accidental hurry, just this once.
The orc warrior hits you with a +0 war axe!
* * * LOW HITPOINT WARNING * * *
The orc warrior closely misses you.
Unknown command.
You bump into the rock wall.
The orc warrior hits you with a +0 war axe!
* * * LOW HITPOINT WARNING * * *
Unknown command.
You bump into the stone wall.
The orc warrior hits you with a +0 battleaxe.
* * * LOW HITPOINT WARNING * * *
Unknown command.
Okay, then.
You feel less invigorated.
You feel less confused.
Unknown command.
The orc warrior hits you with a +0 war axe.
* * * LOW HITPOINT WARNING * * *
Unknown command.
You see here a +0 club.
There is a stone staircase leading up here.
The orc warrior hits you with a +0 war axe!
You die...

#.# #########..................
##.###..........................
#...............................
##.##..........#...)............
#.................[.)..........
#.............###..............
#.###............o.)(..........
#.# #...........o##..o..o......
#.# #.........6o.#.............
#.# #............#..#.o........
#.# #.#.##.....#.#..##.........
#.# #.#.##.......#....##.#.#.##
#.# #.######################.#
#.# #.# ...........#####o#
#.###.# ...8..8..8..8##..#
#.#...# ......).....o.##o##
#.....# ............oo'oo..


You could see 3 orc warriors.

Vanquished Creatures
  3 orc warriors
  An ogre (D:5)
  3 necrophages (D:5)
  A centaur (D:5)
  A scorpion (D:4)
  2 wights (D:5)
  A howler monkey (D:4)
  A centaur zombie (D:5)
  A bullfrog zombie (D:5)
  A hound (D:5)
  A jelly (D:5)
  3 orc priests
  A human zombie (D:5)
  3 orc wizards
  A scorpion zombie (D:5)
  A hound zombie (D:5)
  2 mummies (D:5)
  A howler monkey zombie (D:5)
  3 gnolls (D:5)
  A howler monkey skeleton (D:5)
  8 adders
  A shadow imp (D:5)
  A white imp (D:5)
  2 worms
  3 dart slugs
  12 orcs
  3 endoplasms
  4 giant cockroaches
  4 hobgoblins
  3 jackals (D:1)
  7 kobolds
  3 quokkas
  4 ball pythons
  4 bats
  5 frilled lizards
  9 goblins
  8 rats
113 creatures vanquished.

Notes
Turn   | Place    | Note
-------+----------+-------------------------------------------
     0 | D:1      | Multipenetrator the Demonspawn Monk began the quest for the
                  | Orb.
     0 | D:1      | Reached XP level 1. HP: 18/18 MP: 1/1
   381 | D:1      | Gained mutation: You have a pair of small horns on your
                  | head. [demonic ancestry]
   381 | D:1      | Reached XP level 2. HP: 21/24 MP: 2/2
   618 | D:1      | Reached skill level 4 in Fighting
  1180 | D:1      | Gained mutation: You regenerate a little health from kills.
                  | [demonic ancestry]
  1180 | D:1      | Reached XP level 3. HP: 30/30 MP: 3/3
  2187 | D:2      | Reached skill level 5 in Fighting
  2187 | D:2      | Reached XP level 4. HP: 36/39 MP: 4/4
  2755 | D:3      | Found a faded altar of an unknown god.
  2781 | D:3      | Found Paorocat's Antique Weapon Shoppe.
  3016 | D:3      | Found a snail-covered altar of Cheibriados.
  3867 | D:4      | Reached XP level 5. HP: 44/44 MP: 5/5
  3880 | D:4      | Reached skill level 1 in Armour
  4240 | D:4      | Reached skill level 6 in Fighting
  4240 | D:4      | Reached XP level 6. HP: 36/52 MP: 6/6
  4475 | D:4      | Identified the +0 buckler of Perfidy {rF++ Str+3}
  4568 | D:4      | Found a staircase to the Ecumenical Temple.
  4703 | Temple   | Entered the Ecumenical Temple
  4914 | D:3      | Became a worshipper of Cheibriados the Contemplative
  4914 | D:3      | Reached * piety under Cheibriados
  4914 | D:3      | Reached ** piety under Cheibriados
  5143 | D:4      | Found Qoupn's Mayhem Merchandise.
  5399 | D:5      | Entered Level 5 of the Dungeon
  5470 | D:5      | Found a sparkling altar of Nemelex Xobeh.
  5470 | D:5      | Found a blossoming altar of Fedhas.
  5731 | D:5      | Found a runed translucent door.
  5801 | D:5      | Reached XP level 7. HP: 57/59 MP: 7/7
  6091 | D:5      | Found a hide-covered altar of Uskayaw.
  6094 | D:5      | Found a hazy altar of Hepliaklqana.
  6240 | D:5      | Reached skill level 7 in Fighting
  6284 | D:5      | Found a basalt altar of Yredelemnul.
  6596 | D:5      | Gained mutation: You have a pair of horns on your head.
                  | [demonic ancestry]
  6596 | D:5      | Reached XP level 8. HP: 61/68 MP: 8/8
  6650 | D:5      | Reached skill level 8 in Fighting
  7213 | D:5      | Reached *** piety under Cheibriados
  7224 | D:5      | Reached skill level 5 in Long Blades
  7479 | D:5      | Gained mutation: You have an increased reservoir of magic.
                  | (+10% MP) [potion of mutation]
  7479 | D:5      | Gained mutation: You have a pair of large horns on your
                  | head. [potion of mutation]
  7479 | D:5      | Gained mutation: You are strong-willed. (Will+) [potion of
                  | mutation]
  7479 | D:5      | Gained mutation: Your mind is acute. (Int +2) [potion of
                  | mutation]
  7482 | D:5      | HP: 1/69 [orc warrior (6)]
  7502 | D:5      | Mangled by an orc warrior

Illustrated notes

Levels and vault maps discovered:
D:1:      dpeg_arrival_oval, layout_basic
D:2:      layout_loops_cross
D:3:      layout_basic, mainiacjoe_overflow_surrounded_room,
          ebering_ecumenical_altar_webs, serial_shops,
          nicolae_shop_competitors_out_of_business,
          chequers_serial_rivers_micro_c
D:4:      layout_basic, lemuel_temple_firewalk_b, minmay_shop_mayhem
D:5:      layout_basic, lemuel_mausoleum_altar_yredelemnul,
          nzn_hepliaklqana_mist_gate, eat_drink_and_be_merry_uskayaw,
          chequers_temple_overflow_statue_of_worship, lightli_church_of_beogh
Temple:   jpeg_temple_alley_garden

Skill      XL: |  1  2  3  4  5  6  7  8 |
---------------+-------------------------+-----
Fighting       | 4 5 6 7 8 |  8.7
Long Blades    | 3 4 5 |  5.1
Armour         | 1 2 3 4 |  4.2
Dodging        | |  2.6
Stealth        | |  1.7

Action                   |  1- 3 |  4- 6 |  7- 9 || total
-------------------------+-------+-------+-------++-------
Melee: Falchion          |    81 |       |       ||    81
       Dagger            |     7 |       |       ||     7
       Headbutt          |    14 |    19 |    44 ||    77
       Long sword        |    30 |   112 |    73 ||   215
       Scimitar          |       |       |    59 ||    59
Evoke: Wand              |       |       |     1 ||     1
  Use: Potion            |       |       |     3 ||     3
 Stab: Sleeping          |     2 |     1 |       ||     3
       Distracted        |       |     1 |       ||     1
Armor: Robe              |     6 |       |       ||     6
       Ring mail         |    55 |    36 |     8 ||    99
       Plate armour      |       |       |    76 ||    76
Dodge: Dodged            |    74 |    72 |    53 ||   199

Table legend: (Time is in decaauts)
 A = Elapsed time spent in this place.
 B = Non-inter-level travel time spent in this place.
 C = Inter-level travel time spent in this place.
 D = Time resting spent in this place.
 E = Time spent auto-exploring this place.
 F = Levels seen in this place.
 G = Mean time per level.
                   A        B        C        D        E       F      G
               +--------+--------+--------+--------+--------+-----+--------+
         Total |   8201 |   7647 |    554 |    602 |   5936 |   6 | 1366.8 |
       Dungeon |   8111 |   7592 |    519 |    602 |   5896 |   5 | 1622.2 |
        Temple |     90 |     55 |     35 |      0 |     40 |   1 |   90.0 |
               +--------+--------+--------+--------+--------+-----+--------+

Top non-repeatable levels by time:
     D:4: 2228 daAuts
     D:5: 2127 daAuts
     D:3: 1463 daAuts
     D:1: 1308 daAuts
     D:2: 983 daAuts
  Temple: 90 daAuts
